[Event "Early-Titled-Tuesday-Blitz-February-27-2024"]
[Site "Chess.com"]
[Date "2024.02.27"]
[Round "10"]
[White "NM_Antelacus"]
[Black "ploxoi"]
[Result "0-1"]
[WhiteElo "2255"]
[BlackElo "2460"]
[TimeControl "180+1"]
[EndTime "9:57:01 PST"]
[Termination "ploxoi won on time"]

1. e4 e6 2. d4 d5 3. e5 c5 4. c3 Nc6 5. Nf3 Qb6 6. a3 Bd7 7. b4 cxd4 8. cxd4 Rc8 9. Bb2 Na5 10. Nc3 Nc4 11. Qb3 a5 12. b5 a4 13. Nxa4 Qxb5 14. Bxc4 Qxc4 15. Qxc4 Rxc4 16. Nc3 Nh6 17. Ke2 Be7 18. Kd3 f6 19. h3 Kf7 20. Rhc1 Rhc8 21. Ne2 Bb5 22. Rxc4 Bxc4+ 23. Kd2 Bxe2 24. Ne1 Ba6 25. f4 Nf5 26. g4 Nh6 27. Nf3 Ng8 28. f5 Bd8 29. Rc1 Rxc1 30. Bxc1 Ne7 31.
Ke3 Ba5 32. fxe6+ Kxe6 33. exf6 gxf6 34. Nh4 Be1 35. Ng2 Bg3 36. Nf4+ Bxf4+ 37. Kxf4 Bc4 38. g5 Nc6 39. Be3 b5 40. h4 Bb3 41. h5 fxg5+ 42. Kxg5 Kf7 43. Kh6 Bc2 44. Kg5 Na5 45. Bd2 Nc4 46.
Bb4 Bd1 47. h6 Bc2 48. Kf4 Bg6 49. Kg5 Ke6 50. Bc5 Bc2 51. Bb4 Bd3 52. Bc5 Nd2 53. Bb4 Ne4+ 54. Kf4 Bc4 55. Bf8 Ba2 56. Bb4 Kf6 57.
Bf8 Ke6 58. Bb4 Bb1 59. Bf8 Nc3 60. Bb4 Ne2+ 61. Ke3 Ng3 62. Kf4 Nf5 63. Bc5 Nxh6 64. Ke3 Nf7 65. Kf4 Be4 66. Kg4 Kf6 67. Kh5 Bg6+ 68. Kg4 h5+ 69. Kh4 Nh6 70. Kg3 Nf5+ 71. Kf3 Kg5 72. Bb6 h4 73. Bc7 Kh5 74. Kf4 h3 75. Kf3 Kh4 76. Bb8 Bh5+ 77. Kf2 Kg4 78. Be5 Kg5 0-1

[Event "Early-Titled-Tuesday-Blitz-February-27-2024"]
[Site "Chess.com"]
[Date "2024.02.27"]
[Round "10"]
[White "rasmussvane"]
[Black "PepeCuenca"]
[Result "1-0"]
[WhiteElo "2934"]
[BlackElo "2711"]
[TimeControl "180+1"]
[EndTime "9:57:07 PST"]
[Termination "rasmussvane won on time"]

1. Nf3 Nf6 2. g3 g6 3. Bg2 Bg7 4. O-O O-O 5. d4 d6 6. Re1 d5 7. c4 c6 8. Qb3 Nbd7 9. cxd5 cxd5 10. Nc3 e6 11. Bf4 Nb6 12. a4 Nc4 13. Red1 b6 14.
Ne5 Ba6 15. Nb5 Na5 16. Qa2 Bb7 17. Rac1 a6 18. Nc7 Rc8 19. b4 Rxc7 20. Rxc7 Qxc7 21. bxa5 Qd8 22. Rb1 Nd7 23. axb6 Nxe5 24. Bxe5 Bxe5 25.
dxe5 Qd7 26. a5 Rc8 27. Qb2 Rc5 28. Qd2 Qa4 29. Qg5 Qxa5 30. Qe7 Qa2 31. Rf1 Rb5 32. Qxb7 Qb2 33. Qxa6 Rxb6 34. Qa5 Kg7 35. e3 Rb5 36.
Qc7 Rb7 37. Qc1 Qxe5 38. Qa1 Qxa1 39. Rxa1 Rb2 40. Bf3 h5 41. Kg2 Kf6 42. Ra7 Rb4 43. Be2 h4 44. g4 g5 45. Ra8 Kg7 46. Rd8 Rb7 47. Bd3 Kf6 48. Kf3 Ke7 49. Rh8 Kf6 50. Rh6+ Ke7 51. Rh5 Kf6 52. Bc2 Rb2 53. Ba4 Rb7 54.
Rh8 Kg7 55. Rd8 Ra7 56. Bb5 Rb7 57. Bc6 Rc7 58. Ba4 Ra7 59. Bd1 Ra1 60. Be2 Ra7 61. Rd6 Kf6 62. Rb6 Kg7 63. Rb3 Ra2 64. Rb1 Ra3 65. h3 Ra5 66. Rd1 Ra3 67. Bd3 Ra2 68.
Kg2 Ra3 69. Rd2 Rb3 70. f4 Kf6 71. Kf3 Rc3 72. Ke2 Ra3 73. Kf2 Ra1 74. Kf3 Rh1 75. Kg2 Re1 76. Re2 Rd1 77. Bc2 Rc1 78. Rf2 gxf4 79. exf4 Kg7 80. Kf3 Ra1 81. Rd2 Ra3+ 82. Bd3 Rb3 83. g5 Rc3 84. Kg4 Rc1 85. Kxh4 Rf1 86. Bxf1 1-0

[Event "Early-Titled-Tuesday-Blitz-February-27-2024"]
[Site "Chess.com"]
[Date "2024.02.27"]
[Round "10"]
[White "As0nchess"]
[Black "GodzillaChessYoutube"]
[Result "1-0"]
[WhiteElo "2550"]
[BlackElo "2657"]
[TimeControl "180+1"]
[EndTime "9:57:14 PST"]
[Termination "As0nchess won by checkmate"]

1. e4 e5 2. Nf3 Nc6 3. Bc4 Be7 4. O-O Nf6 5. d3 d6 6. a4 Bg4 7. h3 Bh5 8. c3 Qd7 9. b4 a6 10. Nbd2 O-O 11. Re1 Kh8 12. Nf1 d5 13. exd5 Nxd5 14. Bd2 Nf4 15. Bxf4 exf4 16. d4 Bd6 17. Qd3 Bg6 18. Qd2 f6 19. Be6 Qd8 20. b5 axb5 21. axb5 Rxa1 22. Rxa1 Ne7 23. c4 b6 24. Qc3 Nf5 25. N1d2 Re8 26. Bd5 Ne7 27. Be4 Bxe4 28. Nxe4 Nf5 29. Qd3 Bf8 30. Ra7 g6 31. Nc3 Nd6 32.
Nd5 Bg7 33. Rxc7 Nxb5 34. Rb7 Nd6 35. Rxb6 Nf5 36. Rb7 Qd6 37. Qb3 Rd8 38. Qa4 g5 39. Qa7 h5 40. Ne7 Nxe7 41. Rxe7 Rg8 42. c5 Qd5 43. Qd7 Qc4 44. Qe6 Qc1+ 45. Kh2 Qc2 46. Qe2 Qg6 47. g4 fxg3+ 48. fxg3 h4 49. gxh4 g4 50. hxg4 Qxg4 51. Re4 Qf5 52. Qe3 Qg6 53. h5 Qh7 54. Rh4 Bh6 55. Qe4 Qg7 56. Qg6 Qf8 57.
Qf5 Qg7 58. Qg6 Qf8 59. Qc2 Qb8+ 60. Kh1 Qg3 61. Qe2 Qg7 62. d5 Qa7 63. Rd4 Qxc5 64.
Rd1 Qb4 65. d6 Qg4 66. d7 Qh3+ 67. Nh2 Bf4 68. d8=Q Rxd8 69. Rxd8+ Kh7 70. Qe4+ f5 71. Qe7+ Kh6 72. Rh8# 1-0

[Event "Early-Titled-Tuesday-Blitz-February-27-2024"]
[Site "Chess.com"]
[Date "2024.02.27"]
[Round "10"]
[White "sathvikadiga"]
[Black "Yan_Dyomin2010"]
[Result "1/2-1/2"]
[WhiteElo "2558"]
[BlackElo "2726"]
[TimeControl "180+1"]
[EndTime "9:57:19 PST"]
[Termination "Game drawn - insufficient material"]

1. e4 c5 2. Nf3 Nc6 3. d4 cxd4 4.
Nxd4 Nf6 5. Nc3 e5 6. Ndb5 d6 7.
Bg5 a6 8. Na3 b5 9. Nd5 Be7 10.
Bxf6 Bxf6 11. c3 Rb8 12. Nc2 Bg5 13. a4 bxa4 14. Ncb4 Nxb4 15. cxb4 O-O 16. Rxa4 a5 17. b5 Bd7 18. h4 Bh6 19. Qb3 Kh8 20. Bc4 f5 21.
exf5 Bxf5 22. Bd3 Bxd3 23. Qxd3 Qd7 24. Rxa5 e4 25. Qe2 Qf5 26. Nc3 e3 27. O-O exf2+ 28. Rxf2 Qc5 29. Ne4 Qc1+ 30. Kh2 Qc7 31. b6 Qxb6 32.
Raf5 Rxf5 33. Rxf5 g6 34. Rf7 Bg7 35. Rd7 Be5+ 36.
Kh3 Qb3+ 37. g3 Qe6+ 38. Qg4 Qd5 39. Qf3 Qe6+ 40. Qg4 Qxg4+ 41. Kxg4 Rxb2 42. Ng5 h5+ 43. Kh3 Kg8 44. Rd8+ Kg7 45. Rd7+ Kf8 46. Ne6+ Ke8 47. Ra7 Rb3 48. Ng7+ Kd8 49. Ne6+ Kc8 50. Rc7+ Kb8 51. Kh2 Rxg3 52. Kh1 Rh3+ 53. Kg2 Rxh4 54. Rf7 Rg4+ 55. Kh3 Rg3+ 56. Kh4 Rg1 57. Nd8 Kc8 58. Nc6 Bg3+ 59.
Kh3 d5 60. Re7 Bc7 61. Na7+ Kb7 62. Nb5 Rc1 63. Nd6+ Kc6 64. Ne8 Bd6 65. Re6 Kd7 66. Rxd6+ Kxe8 67. Rxg6 d4 68. Rd6 Rd1 69. Kh4 Ke7 70.
Rd5 Ke6 71. Rd8 Rh1+ 72. Kg3 h4+ 73. Kf4 Rd1 74. Ke4 h3 75. Rh8 d3 76. Rxh3 d2 77. Kd3 Kd5 78. Rh2 Rg1 79. Rxd2 Rg3+ 80. Kc2+ Ke4 81.
Re2+ Re3 82. Rxe3+ Kxe3 1/2-1/2

[Event "Early-Titled-Tuesday-Blitz-February-27-2024"]
[Site "Chess.com"]
[Date "2024.02.27"]
[Round "10"]
[White "Predator0608"]
[Black "N4700000"]
[Result "0-1"]
[WhiteElo "2556"]
[BlackElo "2481"]
[TimeControl "180+1"]
[EndTime "9:57:35 PST"]
[Termination "N4700000 won by resignation"]

1. f4 c5 2. Nf3 Nc6 3. g3 d5 4. Bg2 g6 5. O-O Bg7 6. d3 Nh6 7. e4 dxe4 8. dxe4 Qxd1 9. Rxd1 Nd4 10.
Nxd4 Bxd4+ 11. Kf1 Ng4 12. h3 Ne3+ 13. Bxe3 Bxe3 14.
Na3 Bd7 15. e5 g5 16. fxg5 Bxg5 17. Bxb7 Rb8 18. Bd5 Bxh3+ 19. Kf2 O-O 20. Nc4 Bf5 21.
c3 e6 22. Bf3 Rfd8 23. b3 Rxd1 24. Rxd1 Rd8 25. Nd6 Bg6 26. Ke2 Be7 27. b4 cxb4 28. cxb4 f6 29. Bg4 fxe5 30. Bxe6+ Kg7 31. Nb5 Rxd1 32.
Kxd1 Bxb4 33. Nxa7 Bc5 34. Nc6 Kf6 35. Bd5 e4 36. a4 e3 37. a5 Bd3 38. Bf3 Bb5 39.
Nd8 Bb4 40. Nb7 Ba6 41. Nd8 Bxa5 42. Nc6 Bc3 43. Kc2 Be1 44. Kd1 Bxg3 45. Nd4 Be5 46. Ne2 Bb5 47. Ke1 Kg5 48. Kf1 h5 49. Kg2 h4 50.
Ng1 Bd7 51. Nh3+ Kf6 52. Ng1 Bb5 53. Ne2 Bc4 54. Bg4 Bd5+ 55. Kg1 Kg5 56. Bh3 Bg3 57. Kf1 Bf2 58. Nc3 Bf3 59. Ne2 Bg4 60. Bg2 h3 61. Bh1 h2 62. Nc3 Bh3+ 63. Ke2 Kg4 64. Ne4 Bh4 65.
Kxe3 Bg5+ 66. Ke2 Bf4 67. Nf2+ Kh4 68. Kf3 Bg3 69. Ne4 Bc7 70. Ke3 Bg4 71. Kf2 Bf5 72.
Nd2 Bb6+ 73. Kf1 Bc7 74. Nf3+ Kg3 75. Ne1 Bh3+ 76. Ke2 Ba5 77. Nd3 Bg2 78. Nf2 Bxh1 79. Nxh1+ Kg2 80. Nf2 Bb6 81. Nh1 Kxh1 82. Kf1 Bc7 83.
Kf2 Bb6+ 84. Kf1 Ba7 85. Ke2 Kg1 86. Kd3 h1=Q 87. Kc4 Qc6+ 0-1

[Event "Early-Titled-Tuesday-Blitz-February-27-2024"]
[Site "Chess.com"]
[Date "2024.02.27"]
[Round "10"]
[White "FARIZA2018"]
[Black "joshdaruca"]
[Result "0-1"]
[WhiteElo "2592"]
[BlackElo "2766"]
[TimeControl "180+1"]
[EndTime "9:57:38 PST"]
[Termination "joshdaruca won by resignation"]

1. e4 c5 2. Nf3 d6 3. d4 cxd4 4.
Nxd4 Nf6 5. Nc3 g6 6. Be3 Bg7 7. f3 a6 8. Qd2 h5 9. O-O-O Nbd7 10. Kb1 b5 11. Nd5 Nxd5 12. exd5 Bb7 13. Nc6 Qc7 14.
Bd4 Nf6 15. Bd3 O-O 16. g4 hxg4 17. fxg4 Nxd5 18. Bxg7 Kxg7 19. Nd4 e5 20. Nf5+ Kf6 21. Be4 gxf5 22. Bxd5 Bxd5 23. Qxd5 fxg4 24. Qe4 Rac8 25.
Rhf1+ Ke7 26. Rd2 Qc4 27. Qf5 Qe6 28. Qg5+ f6 29. Qe3 Rc6 30. Rdf2 d5 31. b3 d4 32. Qe4 Kd7 33. Qh7+ Rf7 34. Qg8 Kc7 35. Rg1 f5 36.
Rgf1 f4 37. Re2 Kb7 38. Rxe5 Qxe5 39. Qxf7+ Rc7 40. Qxf4 Qxf4 41. Rxf4 Rh7 42. Rxg4 Rxh2 43. Rxd4 Kc6 44. Kb2 a5 45. a3 Kc5 46. Rf4 Kb6 47.
b4 axb4 48. axb4 Rh3 49. c3 Kc6 50. Kb3 Rg3 51. Rf6+ Kb7 52. Rd6 Kc7 53. Re6 Kb7 54. Kc2 Rh3 55. Kd2 Kc7 56. Re3 Rh5 57. Kd3 Kd6 58.
Kd4 Rd5+ 59. Ke4 Rh5 60. Rd3+ Kc6 61. Rf3 Rh4+ 62. Kd3 Rh6 63. Rf4 Kb6 64. Kd4 Rd6+ 65. Ke5 Rd3 66. Rf6+ Kc7 67. Rf7+ Kc6 68. Rf6+ Kc7 69.
Rf7+ Kb6 70. Rf6+ Kb7 71. Rf7+ Ka6 72. Rf6+ Ka7 73. Rf7+ Kb8 74. Rf6 Rxc3 75. Rb6+ Ka7 76. Rxb5 Ka6 77. Rb8 Rd3 78. Ke4 Rd1 79. Rc8 Kb5 80.
Rc5+ Kxb4 81. Rd5 Rf1 82. Rd4+ Kc3 83. Rd3+ Kc4 84. Rf3 Re1+ 85. Re3 Rh1 86. Ke5 Rh5+ 87. Kf4 Kd4 88. Re4+ Kd5 89. Re3 Rh8 90. Re1 Rf8+ 91.
Kg3 Kd4 92. Kg4 Kd3 93. Re7 Rd8 94. Kg5 Kd4 95. Kf4 Rf8+ 96. Kg3 Kd5 97. Kg4 Kd6 98. Re1 Kd7 99. Kg3 Rf6 100. Kg4 Re6 101. Kg5 Rxe1 0-1

[Event "Early-Titled-Tuesday-Blitz-February-27-2024"]
[Site "Chess.com"]
[Date "2024.02.27"]
[Round "10"]
[White "Bkmzzzzz"]
[Black "Boorchess"]
[Result "1/2-1/2"]
[WhiteElo "2394"]
[BlackElo "2533"]
[TimeControl "180+1"]
[EndTime "9:57:38 PST"]
[Termination "Game drawn by repetition"]

1. e4 e5 2. Nf3 Nf6 3. Nc3 Nc6 4.
d4 exd4 5. Nxd4 Bb4 6. Nxc6 bxc6 7. Bd3 O-O 8. O-O Re8 9. Bg5 h6 10. Bh4 d6 11. Na4 g5 12. Bg3 Nxe4 13. Qh5 Kg7 14.
f4 Nf6 15. Qf3 g4 16. Qxc6 Bd7 17. Qc4 Rb8 18. Nc3 Bc5+ 19. Kh1 Be6 20. Qa6 Qc8 21. Qxc8 Rexc8 22. Na4 Bb6 23. c3 Bd5 24. b4 Re8 25.
Nxb6 axb6 26. Rfe1 Rxe1+ 27. Bxe1 b5 28. Bd2 Be4 29. Be2 h5 30. Kg1 Nd5 31. Kf2 Kg6 32. h3 f5 33. hxg4 hxg4 34. Rh1 c6 35. Ra1 Ra8 36. c4 bxc4 37. Bxc4 Ra3 38. Bb3 Nb6 39. Bc1 Ra8 40. a4 Bd5 41. Bc2 Nc4 42. a5 Be6 43. Bb3 Rb8 44. a6 Ra8 45. a7 Kf7 46. Be3 Nxe3 47.
Bxe6+ Kxe6 48. Kxe3 Kd7 49. Kd4 Kc7 50. Rh1 Rxa7 51.
Rh5 Ra4 52. Kc3 Ra3+ 53. Kc4 d5+ 54. Kd4 Rb3 55. Rxf5 Rxb4+ 56. Kd3 g3 57. Rg5 Rxf4 58. Rxg3 Kb6 59. Rg8 Kc5 60. g4 Rf3+ 61. Ke2 Rf7 62. g5 Kd4 63. g6 Re7+ 64. Kd2 c5 65. g7 c4 66. Kc2 Ra7 67. Kb2 c3+ 68. Kc2 Rb7 69.
Kc1 Ra7 70. Kc2 Rc7 71. Kc1 c2 72. Re8 Rxg7 73. Kxc2 Rg2+ 74. Kc1 Kd3 75. Rh8 Rg1+ 76. Kb2 d4 77. Rh3+ Kd2 78. Rh2+ Ke3 79. Rh3+ Ke2 80.
Rh2+ Ke3 81. Rh3+ Kd2 82. Rh2+ Kd3 83. Rh3+ Kc4 84. Kc2 Rg2+ 85. Kc1 Rf2 86. Rg3 Re2 87. Rh3 Ra2 88. Kb1 Rd2 89. Kc1 Rd3 90. Rh8 Rg3 91.
Kc2 Rg2+ 92. Kc1 Kc3 93. Rc8+ Kd3 94. Rh8 Rg1+ 95. Kb2 Re1 96. Rh3+ Re3 97. Rh8 Kd2 98. Rh2+ Re2 99. Rh3 d3 100. Kb3 Rg2 101. Kc4 Rg4+ 102. Kb3 Re4 103. Rh2+ Re2 104. Rh3 Re3 105. Rh2+ Kd1 106. Rh1+ Re1 107. Rh2 Re2 108. Rh1+ Kd2 109. Rh3 1/2-1/2

[Event "Early-Titled-Tuesday-Blitz-February-27-2024"]
[Site "Chess.com"]
[Date "2024.02.27"]
[Round "10"]
[White "LLariMarc"]
[Black "ATM622"]
[Result "0-1"]
[WhiteElo "2382"]
[BlackElo "2535"]
[TimeControl "180+1"]
[EndTime "9:57:50 PST"]
[Termination "ATM622 won by checkmate"]

1. d4 Nf6 2. Nf3 e6 3. Bg5 d5 4. e3 Be7 5. Nbd2 O-O 6. Bd3 Nbd7 7. O-O c5 8. c3 b6 9. Qe2 Bb7 10. a4 Rc8 11. Rfe1 Ne4 12. Bxe7 Qxe7 13. a5 c4 14. Bc2 b5 15. Nxe4 dxe4 16. Nd2 f5 17. Nf1 e5 18.
dxe5 Nxe5 19. Red1 Qh4 20. Kh1 Nd3 21. Bxd3 exd3 22. Qe1 Qh3 23. f3 Bxf3 24. gxf3 Qxf3+ 25. Kg1 Rc6 26. Qf2 Rg6+ 27. Ng3 Qd5 28. Qg2 Qe5 29. Qf3 h5 30. Kh1 h4 31. Nf1 h3 32. Rd2 Qe4 33.
Qxe4 fxe4 34. Ng3 Rf3 35. Re1 Ra6 36. Nxe4 Rxa5 37. Ng5 Rxe3 38. Rdd1 Rxe1+ 39. Rxe1 g6 40. Nxh3 Ra2 41. Rb1 b4 42. cxb4 Rxb2 43. Rxb2 c3 44.
Rd2 c2 45. Rxd3 c1=Q+ 46. Kg2 Qb2+ 47. Nf2 Qa2 48. Kg3 Kf7 49. h4 Ke6 50. Re3+ Kd5 51.
Nh3 Kd4 52. Rf3 Qd2 53. Nf4 Qe1+ 54. Kg4 Qe4 55. Rf1 Qf5+ 56. Kg3 Kc4 57. Ra1 Qd7 58.
Nxg6 Qd3+ 59. Kh2 Qe2+ 60. Kg3 Qd3+ 61. Kh2 Qc2+ 62. Kh1 Qe4+ 63. Kh2 Qxg6 64. Rxa7 Qd6+ 65. Kh3 Qd2 66. Rg7 Qc3+ 67. Rg3 Qe1 68. Rg4+ Kb5 69. Kg2 Qe2+ 70. Kg3 Qe3+ 71. Kg2 Qe2+ 72. Kg3 Qf1 73. Rf4 Qg1+ 74. Kf3 Qh2 75. Kg4 Qg2+ 76. Kf5 Qh3+ 77. Kg5 Qg3+ 78. Kf5 Qh2 79. Kg5 Kc6 80. h5 Qg3+ 81. Kf5 Qh3+ 82. Kg6 Kd6 83. h6 Qg3+ 84. Kf5 Qd3+ 85. Kg5 Ke6 86. Rf6+ Ke5 87. Rf8 Qg3+ 88. Kh5 Qh3+ 89. Kg6 Qg4+ 90. Kh7 Ke6 91. Rg8 Qf5+ 92. Kh8 Qf6+ 93. Kh7 Qf5+ 94. Kh8 Kf7 95. Rg7+ Kf8 96. Rg8+ Kf7 97. Rg7+ Kf6 98. h7 Qe5 99. b5 Qxb5 100. Rg8 Qe5 101. Rf8+ Kg6+ 102. Kg8 Qg7# 0-1

[Event "Early-Titled-Tuesday-Blitz-February-27-2024"]
[Site "Chess.com"]
[Date "2024.02.27"]
[Round "10"]
[White "HanSchut"]
[Black "ajian"]
[Result "1-0"]
[WhiteElo "2313"]
[BlackElo "2460"]
[TimeControl "180+1"]
[EndTime "9:57:54 PST"]
[Termination "HanSchut won by checkmate"]

1. e4 c5 2. Nf3 Nc6 3. d4 cxd4 4. Nxd4 Nf6 5. Nc3 e5 6. Ndb5 d6 7. Nd5 Nxd5 8. exd5 Nb8 9. Qf3 a6 10. Qa3 Be7 11.
Bg5 f6 12. Bd2 O-O 13. Bb4 Qd7 14. Bd3 b6 15. Bd2 Bb7 16. Nc3 f5 17. f3 Qc7 18.
O-O Nd7 19. b4 g6 20. Qb3 Bf6 21. Rae1 Rac8 22. Ne2 b5 23. a4 bxa4 24. Qxa4 Nb6 25. Qb3 Bxd5 26. Qb1 Nc4 27. Bh6 Bg7 28. Bxg7 Kxg7 29. Qa1 Qb6+ 30. Kh1 Ne3 31. Rg1 Nxc2 32. Bxc2 Rxc2 33. Nf4 Bf7 34. Nh3 h6 35. f4 Kh7 36.
fxe5 dxe5 37. Qxe5 Qxb4 38. Nf4 Re8 39. Qf6 Qc4 40. Rxe8 Bxe8 41. Ne6 Qc3 42. Qe7+ Kg8 43. Qxe8+ Kh7 44. Qe7+ Kh8 45. Nf8 Kg8 46. Nxg6 Qg7 47. Qe6+ Qf7 48. Qxf7+ Kxf7 49. Ne5+ Ke6 50. Nf3 a5 51. Ra1 Rc5 52. h3 Kd5 53. Ra4 Rb5 54. Kh2 Kc5 55. Kg3 Kb6 56. Kf4 Rb4+ 57. Rxb4+ axb4 58.
Nd2 Kc5 59. Ke5 Kb5 60. Kd4 Ka4 61. Kc4 Ka3 62. g3 Ka4 63. h4 Ka5 64. Nb3+ Ka4 65. Nc5+ Ka3 66. Nd3 b3 67. Kc3 Ka4 68. Kb2 Kb5 69.
Kxb3 Kc6 70. Kc2 Kd5 71. Kd2 Ke4 72. Ke2 h5 73. Nf4 Ke5 74. Nxh5 Ke4 75. Kf2 Ke5 76. Nf4 Kf6 77. Kf3 Kf7 78. Nd3 Kf6 79. Kf4 Kg6 80.
Nc5 Kh5 81. Ne6 Kh6 82. Nd4 Kh5 83. Nxf5 Kg6 84. g4 Kh7 85. Kg5 Kg8 86. h5 Kh7 87.
Nh4 Kg7 88. h6+ Kh7 89. Kh5 Kh8 90. g5 Kg8 91. Kg6 Kh8 92. Kf6 Kg8 93. Ng6 Kh7 94. Nf8+ Kg8 95. Kg6 Kh8 96. Kh5 Kg8 97. g6 Kh8 98. g7+ Kg8 99. Ng6 Kh7 100. Nf8+ Kg8 101.
Ng6 Kh7 102. Nf4 Kg8 103. Kg5 Kh7 104. Kf6 Kg8 105. h7+ Kxh7 106. Kf7 Kh6 107. Ng2 Kh5 108. g8=Q Kh6 109. Ne3 Kh5 110. Kf6 Kh4 111. Qg4# 1-0

[Event "Early-Titled-Tuesday-Blitz-February-27-2024"]
[Site "Chess.com"]
[Date "2024.02.27"]
[Round "10"]
[White "shimastream"]
[Black "Semen16"]
[Result "1/2-1/2"]
[WhiteElo "2941"]
[BlackElo "2735"]
[TimeControl "180+1"]
[EndTime "9:58:11 PST"]
[Termination "Game drawn by repetition"]

1. d4 d5 2. Bf4 Nf6 3. e3 c5 4. Nf3 Nc6 5. Nbd2 Nh5 6. Be5 f6 7. Bg3 g6 8. c4 cxd4 9. exd4 Be6 10. Be2 Bg7 11. O-O O-O 12. Re1 Qd7 13. Rc1 Rad8 14. cxd5 Bxd5 15. a3 Bf7 16. Ne4 Nxg3 17. hxg3 Nxd4 18.
Nc5 Nxf3+ 19. Bxf3 Qxd1 20. Bxd1 b6 21. Ne6 Bxe6 22.
Rxe6 Rd7 23. Ba4 Rb7 24. Bc6 Rc7 25. Rce1 Rd8 26. b4 f5 27. b5 Bf6 28. a4 Rd2 29.
R6e2 Rd4 30. Ra2 e5 31. a5 bxa5 32. Rxa5 e4 33. Ra2 Rd8 34. Kh2 h5 35. f3 exf3 36.
gxf3 Kg7 37. Re3 Bd4 38. Re6 Rh8 39. Kh3 h4 40. g4 fxg4+ 41. Kxg4 Bf6 42. Kh3 Rh5 43.
Rg2 Rg5 44. Rge2 Rg3+ 45. Kh2 Rc8 46. Rd6 Rf8 47. Rd7+ Kh6 48. Rxa7 Bg5 49. Rd7 Bf4 50. Kh1 h3 51. Rd1 Rg5 52. b6 Rc5 53. Be4 Rb8 54. b7 Rb5 55. Rg1 h2 56. Rd1 R5xb7 57. Bxb7 Rxb7 58.
Kg2 Kg5 59. Rd5+ Kf6 60. Rd1 Rb3 61. Rf2 Rb4 62. Kh3 Rb5 63. Kg4 Bc7 64. Kh3 Rh5+ 65. Kg2 Rg5+ 66. Kh1 Bf4 67. Re2 Rg3 68. Rxh2 Rxf3 69.
Rg2 Rh3+ 70. Kg1 g5 71. Kf2 Kf5 72. Rd5+ Ke4 73. Ra5 Rc3 74. Ra4+ Kf5 75. Ke2 Rc2+ 76. Kf1 Rc1+ 77. Ke2 Rb1 78. Rf2 Rb2+ 79. Kf1 Rb1+ 80.
Kg2 Kg4 81. Re2 Rc1 82. Ra3 Rc7 83. Rea2 Rh7 84. Kg1 Rc7 85. Rg2+ Kh4 86. Re2 Rc1+ 87. Kg2 Rc4 88. Rh3+ Kg4 89. Rf2 Rc1 90. Rhf3 Rc7 91. Rd3 Rh7 92. Kg1 Re7 93. Rg2+ Kf5 94. Rc2 Be3+ 95.
Kg2 Bf4 96. Kf3 Re1 97. Kg2 Kg4 98. Rb3 Rd1 99. Rf2 Ra1 100. Rh3 Rc1 101. Rhf3 Ra1 102. Re2 Rc1 103. Rd3 Ra1 104. Rc3 Rb1 105. Ra3 Rc1 106. Kf2 Rh1 107. Kg2 Rh2+ 108. Kf1 Rh1+ 109. Kf2 Rh2+ 110. Kf1 Rh1+ 111. Kg2 Rh2+ 112. Kf1 1/2-1/2

[Event "Early-Titled-Tuesday-Blitz-February-27-2024"]
[Site "Chess.com"]
[Date "2024.02.27"]
[Round "10"]
[White "vi_pranav"]
[Black "blitzking1729"]
[Result "1-0"]
[WhiteElo "3107"]
[BlackElo "2752"]
[TimeControl "180+1"]
[EndTime "9:58:21 PST"]
[Termination "vi_pranav won by resignation"]

1. d4 d5 2. Nc3 Nf6 3. Bf4 c5 4. e4 Nxe4 5. Nxe4 dxe4 6. dxc5 Qxd1+ 7. Rxd1 Nc6 8. Ne2 e5 9. Be3 f5 10. Nc3 Be6 11. Bb5 Kf7 12. g3 Nd4 13. Bxd4 exd4 14.
Ne2 a6 15. Ba4 Bxc5 16. Nxd4 Bxd4 17. Rxd4 Rhd8 18. Rxd8 Rxd8 19. Bb3 Bxb3 20. axb3 Kf6 21. h4 Ke5 22. Ke2 g6 23. Ra1 h6 24. Ra5+ Rd5 25.
Ra1 Rc5 26. c4 g5 27. hxg5 hxg5 28. Kd2 Kd4 29. Rd1 Re5 30. Kc2+ Kc5 31. Kc3 a5 32.
Rd8 e3 33. fxe3 Rxe3+ 34. Kc2 Rxg3 35. Rd5+ Kb6 36. Rxf5 Ka6 37. Rf6+ Ka7 38. Rg6 b6 39. Rg7+ Ka6 40. Rf7 g4 41. Rg7 Rg1 42. Kc3 g3 43. b4 axb4+ 44. Kxb4 g2 45. b3 Rf1 46. Rxg2 Rf7 47.
Rg6 Kb7 48. Rd6 Rh7 49. Kb5 Rh5+ 50. Rd5 Rh7 51. b4 Rg7 52. Re5 Rh7 53. Rd5 Rg7 54. Ka4 Rh7 55. Rb5 Kc6 56. Rg5 Kb7 57. Rg6 Rf7 58. Kb3 Rf3+ 59. Ka4 Rf7 60. Re6 Rg7 61. Re4 Rh7 62. Kb5 Rh5+ 63. c5 bxc5 64. bxc5 Rh6 65.
Re7+ Kc8 66. Rf7 Rg6 67. Ra7 Rh6 68. Re7 Rg6 69. Kc4 Rh6 70. Kd5 Rh5+ 71. Kc6 Rh6+ 72. Kb5 Rg6 73. Rh7 Rf6 74. Rh4 Rg6 75. Ra4 Kb7 76. Ra1 Rh6 77. Rd1 Kc8 78. Rg1 Kc7 79.
Rg7+ Kc8 80. Ka5 Rf6 81. Kb5 Rh6 82. Ra7 Rg6 83. Ra3 Rh6 84. Re3 Rg6 85. Rd3 Rh6 86. Rd5 Rg6 87. Rh5 Rf6 88. Rg5 Rh6 89. Re5 Rg6 90. Kc4 Kc7 91. Kd5 Rh6 92. Re7+ Kc8 93. Rf7 Rh5+ 94. Kd6 Rh6+ 95. Kd5 Rh5+ 96. Kc4 Rh6 97.
Kb5 Rg6 98. Rf1 Rh6 99. Rg1 Rf6 100. Rg2 Rh6 101. Rg7 Rf6 102. c6 Rf5+ 103. Kb6 Rf8 104. Ra7 1-0

[Event "Early-Titled-Tuesday-Blitz-February-27-2024"]
[Site "Chess.com"]
[Date "2024.02.27"]
[Round "11"]
[White "PolandHussars"]
[Black "Kristof_08"]
[Result "0-1"]
[WhiteElo "2560"]
[BlackElo "2456"]
[TimeControl "180+1"]
[EndTime "10:01:01 PST"]
[Termination "Kristof_08 won by resignation"]

1. e4 c5 2. Ne2 e6 3. g3 d5 4. Bg2 dxe4 5. Bxe4 Nf6 6. Bg2 Bd7 7. d4 Bc6 8. Bxc6+ Nxc6 9. Be3 cxd4 10. Nxd4 Qd5 11. Rg1 Nxd4 12. Qxd4 Qc6 13. Nc3 b6 14. O-O-O Bc5 15.
Qd3 O-O 16. Qc4 Bxe3+ 17. fxe3 Qxc4 18. Rd5 0-1

[Event "Early-Titled-Tuesday-Blitz-February-27-2024"]
[Site "Chess.com"]
[Date "2024.02.27"]
[Round "11"]
[White "DamianoLew95"]
[Black "WilsonPalencia21"]
[Result "1-0"]
[WhiteElo "2700"]
[BlackElo "2573"]
[TimeControl "180+1"]
[EndTime "10:01:12 PST"]
[Termination "DamianoLew95 won by resignation"]

1. e4 c5 2. Nf3 d6 3. Bb5+ Nd7 4.
O-O Nf6 5. Re1 a6 6. Bxd7+ Nxd7 7. c3 c4 8. a4 e6 9. Qe2 Qc7 10. Na3 Nc5 11. Qxc4 e5 12. d4 Be6 13. d5 Bd7 14. b4 b5 15. axb5 axb5 16. Nxb5 Qb8 17. Rxa8 1-0

[Event "Early-Titled-Tuesday-Blitz-February-27-2024"]
[Site "Chess.com"]
[Date "2024.02.27"]
[Round "11"]
[White "Klavdia_Nik"]
[Black "HelvertHernandez"]
[Result "0-1"]
[WhiteElo "2113"]
[BlackElo "2015"]
[TimeControl "180+1"]
[EndTime "10:01:24 PST"]
[Termination "HelvertHernandez won by resignation"]

1. Nf3 c5 2. c4 Nc6 3. b3 Nf6 4. Bb2 d6 5. d4 cxd4 6. Nxd4 e5 7.
Nb5 Be7 8. N1c3 O-O 9. g3 a6 10. Na3 Bg4 11. h3 Bh5 12. Bg2 Rb8 13. O-O Nd4 14. g4 Bg6 15. e3 Nc6 16. Nd5 Nxd5 17. Qd4 exd4 0-1

[Event "Early-Titled-Tuesday-Blitz-February-27-2024"]
[Site "Chess.com"]
[Date "2024.02.27"]
[Round "11"]
[White "GelmanAlexander"]
[Black "Balla_Tamas"]
[Result "1-0"]
[WhiteElo "2689"]
[BlackElo "2411"]
[TimeControl "180+1"]
[EndTime "10:01:25 PST"]
[Termination "GelmanAlexander won by resignation"]

1. d4 d5 2. Nc3 Nf6 3. Bf4 a6 4. e3 e6 5. g4 Bd6 6. g5 Nfd7 7. Nf3 Bxf4 8. exf4 c5 9. dxc5 Nxc5 10. Qd4 Ne4 11. Qxg7 Rf8 12. Bd3 Nc6 13. Bxe4 dxe4 14. Nxe4 Qa5+ 15.
c3 Bd7 16. Nd6+ Ke7 17. O-O-O 1-0

[Event "Early-Titled-Tuesday-Blitz-February-27-2024"]
[Site "Chess.com"]
[Date "2024.02.27"]
[Round "11"]
[White "Vesapesa"]
[Black "emiliochess"]
[Result "1-0"]
[WhiteElo "2245"]
[BlackElo "2345"]
[TimeControl "180+1"]
[EndTime "10:01:29 PST"]
[Termination "Vesapesa won by resignation"]

1. e4 c5 2. Nf3 e6 3. c4 d5 4.
exd5 exd5 5. d4 Nf6 6. Nc3 Nc6 7. Be3 Bg4 8. Be2 Be7 9. dxc5 dxc4 10. O-O O-O 11.
Qa4 Nd5 12. Nxd5 Qxd5 13. Bxc4 Qh5 14. Be2 Bxc5 15. Bxc5 Qxc5 16. Rac1 Qb6 17. Qxg4 h6 18. Bd3 1-0

[Event "Early-Titled-Tuesday-Blitz-February-27-2024"]
[Site "Chess.com"]
[Date "2024.02.27"]
[Round "11"]
[White "tsaruk_maks"]
[Black "vishwa_vijeta"]
[Result "1-0"]
[WhiteElo "2736"]
[BlackElo "2597"]
[TimeControl "180+1"]
[EndTime "10:01:45 PST"]
[Termination "tsaruk_maks won by resignation"]

1. d4 Nf6 2. c4 g6 3. Nc3 d5 4. cxd5 Nxd5 5. e4 Nxc3 6. bxc3 Bg7 7. Bc4 O-O 8. Be3 c5 9. Nf3 Nc6 10. h3 Qa5 11. Qd2 Rd8 12. Rd1 b5 13. Bd5 Bb7 14. O-O e6 15. Bxc6 Bxc6 16. Bh6 Bxe4 17. Bxg7 Bxf3 18. Qh6 f5 19. Be5 Rd7 20. gxf3 Qxc3 21.
dxc5 1-0

[Event "Early-Titled-Tuesday-Blitz-February-27-2024"]
[Site "Chess.com"]
[Date "2024.02.27"]
[Round "11"]
[White "jamengrand"]
[Black "Honiex"]
[Result "0-1"]
[WhiteElo "2415"]
[BlackElo "2571"]
[TimeControl "180+1"]
[EndTime "10:02:16 PST"]
[Termination "Honiex won by resignation"]

1. e4 Nc6 2. Nc3 Nf6 3. Nf3 d5 4. e5 Nd7 5. d4 Nb6 6. h3 Bf5 7. Bd3 Bxd3 8. cxd3 e6 9. O-O Be7 10. Ne2 O-O 11. Ng3 Nb8 12. Nh5 Re8 13. Nh2 g6 14. Nf6+ Bxf6 15. exf6 Qxf6 16. Ng4 Qe7 17. Qf3 N8d7 18. h4 h5 19. Bg5 hxg4 0-1